 Dungeon Crawl Stone Soup version 0.24.0-13-gcf9b319 (webtiles) character file.

Game seed: 15432763044999700378, levelgen mode: deterministic

60 silenth the Grave Robber (level 3, 0/24 HPs)
             Began as a Mummy Necromancer on Jan 24, 2020.
             Slain by Sigmund
             ... wielding a cursed -2 scythe
              (10 damage)
             ... on level 2 of the Dungeon.
             The game lasted 00:02:46 (1551 turns).

silenth the Grave Robber (Mummy Necromancer)        Turns: 1551, Time: 00:02:47

Health: 0/24       AC:  5    Str: 11    XL:     3   Next: 82%
Magic:  2/8        EV: 12    Int: 15    God:
Gold:   86         SH:  0    Dex: 12    Spells: 4/9 levels left

rFire    x . .     SeeInvis .   b - +0 dagger
rCold    + . .     Gourm    .   (no shield)
rNeg     + + +     Faith    .   a - +0 robe
rPois    ∞         Spirit   .   c - +2 hat
rElec    .         Reflect  .   g - +0 cloak
rCorr    .         Harm     .   (no gloves)
MR       .....                  (no boots)
Stlth    ++........             (no amulet)
HPRegen  0.08/turn              (no ring)
MPRegen  0.11/turn              (no ring)

@: no status effects
A: no food or potions, fire vulnerability, cold resistance 1, negative energy
resistance 3, torment resistance, unbreathing
a: no special abilities


You were on level 2 of the Dungeon.
You were not hungry.

You visited 1 branch of the dungeon, and saw 2 of its levels.

You collected 86 gold pieces.

Inventory:

Hand Weapons
 b - a +0 dagger (weapon)
Armour
 a - a +0 robe (worn)
 c - a +2 hat (worn)
 g - a +0 cloak (worn)
Scrolls
 e - a scroll of enchant weapon
 f - a scroll of teleportation
 i - a scroll of identify


   Skills:
 - Level 1.6 Dodging
 - Level 1.6 Stealth
 + Level 3.6 Spellcasting
 * Level 5.0 Necromancy


You had 4 spell levels left.
You knew the following spells:

 Your Spells              Type           Power        Failure   Level  Hunger
a - Pain                  Necr           ###.         2%          1    N/A
b - Animate Skeleton      Necr           N/A          2%          1    N/A
c - Vampiric Draining     Necr           ###.......   7%          3    N/A

Your spell library contained the following spells:

 Spells                   Type           Power        Failure   Level  Hunger
 Animate Dead             Necr           N/A          24%         4    N/A
 Regeneration             Chrm/Necr      Unusable     N/A         3    N/A

Dungeon Overview and Level Annotations

Branches:
Dungeon (2/15)

Altars:
Sif Muna
Wu Jian

Annotations:
D:2 Sigmund


Innate Abilities, Weirdness & Mutations

You do not eat or drink.
Your flesh is vulnerable to fire.
You are immune to poison.
Your flesh is cold resistant. (rC+)
You are immune to negative energy. (rN+++)
You are immune to unholy pain and torment.
You can survive without breathing.


Message History

You hit something. Something hits you.
You hit something. Something hits you!
Casting: Pain (safe; 2% risk of failure)
Confirm with . or Enter, or press ? or * to list all spells.
Okay, then.
Casting: Pain (safe; 2% risk of failure)
Confirm with . or Enter, or press ? or * to list all spells.
Aiming: Vampiric Draining (safe; 7% risk of failure)
Press: ? - help, Shift-Dir - straight line You feel life coursing into your body.
You hit something but do no damage. Something hits you.
Casting: Vampiric Draining (safe; 7% risk of failure)
Confirm with . or Enter, or press ? or * to list all spells.
Aiming: Vampiric Draining (safe; 7% risk of failure)
Press: ? - help, Shift-Dir - straight line You feel life coursing into your body.
Something barely misses you.
You hit something but do no damage. You closely miss something.
Something hits you.
You closely miss something. Something hits you!
You die...

▒▒...# ##.#.# #######.#
⌠▒▒..# #.#.#.#.. #.#
⌠▒▒..#####.#.#.#.# #.#
▒▒.)...(.(...#.#.# .##.#
.....#####.###.#.# #.##.#
.##### #.# #.#.# #.##.# .
#######.###.#.# #.##.#
#........##.#{# #.##.#
###.######.##.#@# #.##.#
#.............#.###.##.#
.#.#.#######.#.#......#.#
.#.#.#######...#####..#.#
.#.#...%...........#..#.#
.#.#####.####....#.#..#.#
.........####....# #..#.#
##.##.........>..# #..#.#
### ##.##.##.####....#
#..#.# #..


There were no monsters in sight!

Vanquished Creatures
  2 adders (D:2)
  An ooze (D:1)
  A dart slug (D:2)
  6 hobgoblins (D:1)
  2 jackals (D:1)
  A quokka (D:2)
  3 bats
  3 frilled lizards (D:1)
  4 goblins
  8 kobolds
  8 rats
39 creatures vanquished.

Notes
Turn   | Place    | Note
-------+----------+-------------------------------------------
     0 | D:1      | silenth the Mummy Necromancer began the quest for the Orb.
     0 | D:1      | Reached XP level 1. HP: 13/13 MP: 4/4
    57 | D:1      | Learned a level 1 spell: Animate Skeleton
   271 | D:1      | Reached skill level 3 in Spellcasting
   271 | D:1      | Reached XP level 2. HP: 19/19 MP: 3/6
   820 | D:1      | Reached XP level 3. HP: 24/24 MP: 4/7
   826 | D:1      | Learned a level 3 spell: Vampiric Draining
  1131 | D:2      | Found a faded altar of an unknown god.
  1287 | D:2      | Found an ornate altar of the Wu Jian Council.
  1287 | D:2      | Found a shimmering blue altar of Sif Muna.
  1379 | D:2      | Reached skill level 5 in Necromancy
  1539 | D:2      | Noticed Sigmund
  1551 | D:2      | Slain by Sigmund

Levels and vault maps discovered:
D:1:      dpeg_arrival_three_smaller_balls, layout_loops_ring
D:2:      layout_basic, gammafunk_temple_overflow_wave,
          chequers_ecumenical_altar_simple, uniq_sigmund

Skill      XL: |  1  2  3 |
---------------+----------+-----
Spellcasting   | 3 |  3.6
Necromancy     | 5 |  5.0
Dodging        | |  1.6
Stealth        | |  1.6

Action                   || total
-------------------------++-------
Melee: Unarmed           ||     4
       Dagger            ||    33
 Cast: Pain              ||    69
       Vampiric Draining ||     2
  Use: Scroll            ||     2
 Stab: Sleeping          ||     1
Armor: Robe              ||    10
Dodge: Dodged            ||    45
